 Dungeon Crawl Stone Soup version 0.24.1 (webtiles) character file.

Game seed: 3567145502683750862, levelgen mode: deterministic

17 miau the Conjurer (level 2, -1/12 HPs)
             Began as a Felid Conjurer on Mar 22, 2020.
             Slain by an adder (3 damage)
             ... on level 2 of the Dungeon.
             The game lasted 00:04:28 (1132 turns).

miau the Conjurer (Felid Conjurer)                  Turns: 1132, Time: 00:04:28

Health: -1/12      AC:  1    Str:  4    XL:     2   Next: 44%
Magic:  0/6        EV: 18    Int: 16    God:
Gold:   57         SH:  0    Dex: 16    Spells: 2/5 levels left
                                        Lives:  0   Deaths: 0

rFire    . . .     SeeInvis +   (weapon unavailable)
rCold    . . .     Gourm    .   (shield unavailable)
rNeg     . . .     Faith    .   (armour unavailable)
rPois    .         Spirit   .   (helmet unavailable)
rElec    .         Reflect  .   (cloak unavailable)
rCorr    .         Harm     .   (gloves unavailable)
MR       .....                  (boots unavailable)
Stlth    +++.......             (no amulet)
HPRegen  0.04/turn              (no ring)
MPRegen  0.10/turn              (no ring)

@: very slightly contaminated, quick
A: very small, no armour, no weapons or thrown items, stealth, claws 1, fangs 3,
see invisible, carnivore, speed 1, shaggy fur 1, slow metabolism 1, sharp paws
a: no special abilities


You were on level 2 of the Dungeon.
You were completely stuffed.

You visited 1 branch of the dungeon, and saw 2 of its levels.

You collected 57 gold pieces.

Inventory:

Scrolls
 a - a scroll of enchant armour {unknown}
 d - a scroll of identify {unknown}
Potions
 c - 2 potions of agility {unknown}
Comestibles
 b - 3 rations


   Skills:
 * Level 0.3 Fighting
 + Level 2.9 Dodging
 + Level 2.8 Stealth
 * Level 2.1 Spellcasting
 + Level 4.0 Conjurations


You had 2 spell levels left.
You knew the following spells:

 Your Spells              Type           Power        Failure   Level  Hunger
x - Searing Ray           Conj           ##....       6%          2    ###....
z - Magic Dart            Conj           ##..         3%          1    #......

Your spell library contained the following spells:

 Spells                   Type           Power        Failure   Level  Hunger
 Dazzling Spray           Conj/Hex       #.....       26%         3    ###....
 Iskenderun's Mystic Bla  Conj           ##......     36%         4    #####..
 Force Lance              Conj/Tloc      #.......     65%         4    #####..
 Fulminant Prism          Conj/Hex       #.........   65%         4    #####..


Dungeon Overview and Level Annotations

Branches:
Dungeon (2/15)

Altars:


Innate Abilities, Weirdness & Mutations

You cannot wear armour.
You are incapable of wielding weapons or throwing items.
Your paws allow you to move quietly. (Stealth)
You have sharp claws.
You have razor-sharp teeth.
You have supernaturally acute eyesight. (SInv)
You are carnivorous and can eat meat at any time.
You cover ground quickly.
You are covered in fur. (AC +1)
You have a slow metabolism.
Your sharp claws are effective at attacking unaware monsters.


Message History

Aiming: Magic Dart (safe; 3% risk of failure)
Press: ? - help, Shift-Dir - straight line, f/p - adder
Aim: an adder (heavily wounded)
The magic dart hits the adder but does no damage.
The adder is heavily wounded.
The adder bites you.
Casting: Magic Dart (safe; 3% risk of failure)
Confirm with . or Enter, or press ? or * to list all spells.
Aiming: Searing Ray (safe; 6% risk of failure)
Press: ? - help, Shift-Dir - straight line, f/p - adder
Aim: an adder (heavily wounded)
The searing ray hits the adder.
The adder is severely wounded. (Press . to maintain the ray.)
The adder misses you.
Without enough magic to sustain it, your searing ray dissipates.
The adder bites you.
* * * LOW HITPOINT WARNING * * *
The adder barely misses you. The adder bites you.
You die...

# #####....
#@S...#
#..........
#...##.#..###
#..... .. .#
...## ..# .#
## ..+ .. ..#
. ...


You could see an adder.

Vanquished Creatures
  An ooze (D:1)
  A bat (D:1)
  A giant cockroach (D:1)
  4 hobgoblins (D:1)
  2 frilled lizards (D:1)
  3 kobolds (D:1)
  A rat (D:1)
13 creatures vanquished.

Notes
Turn   | Place    | Note
-------+----------+-------------------------------------------
     0 | D:1      | miau the Felid Conjurer began the quest for the Orb.
     0 | D:1      | Reached XP level 1. HP: 7/7 MP: 4/4
   530 | D:1      | Reached XP level 2. HP: 5/11 MP: 3/6
   534 | D:1      | Learned a level 2 spell: Searing Ray
   865 | D:1      | Reached skill level 4 in Conjurations
  1132 | D:2      | Slain by an adder

Levels and vault maps discovered:
D:1:      dpeg_arrival_snail, layout_basic
D:2:      minmay_skewed_foursquare, layout_basic, grunt_dithmenos_smoke,
          uniq_natasha, uniq_terence

Skill      XL: |  1  2 |
---------------+-------+-----
Conjurations   | 4 |  4.0
Fighting       | |  0.3
Dodging        | |  2.9
Stealth        | |  2.8
Spellcasting   | |  2.1

Action                   || total
-------------------------++-------
Melee: Unarmed           ||     2
 Cast: Magic Dart        ||    45
       Searing Ray       ||     1
  Eat: Chunk             ||     8
Armor: Skin              ||     1
Dodge: Dodged            ||     4
